 Dungeon Crawl Stone Soup version 0.29.1-1-gd02db6906a (webtiles) character file.

Game seed: 12817444720472620321

718 Larmestyx the Scholar of Death (level 7, -26/55 HPs)
             Began as a Demonspawn Necromancer on Oct 3, 2022.
             Was a Follower of Kikubaaqudgha.
             Annihilated by a two-headed ogre
             ... wielding a +0 giant club
              (37 damage)
             ... on level 6 of the Dungeon.
             The game lasted 00:35:02 (6377 turns).

Larmestyx the Scholar of Death (DsNe)               Turns: 6377, Time: 00:35:03

Health: -26/55     AC:  3    Str:  9    XL:     7   Next: 42%
Magic:  0/14       EV: 12    Int: 18    God:    Kikubaaqudgha [*.....]
Gold:   304        SH:  4    Dex: 13    Spells: 7/15 levels left

rFire   . . .      SeeInvis .   k - +3 mace
rCold   . . .      Faith    .   (no shield)
rNeg    + . .      Spirit   .   r - +0 robe {rN+}
rPois   .          Reflect  .   t - +0 helmet
rElec   .          Harm     .   (no cloak)
rCorr   .          Rampage  .   (no gloves)
Will    +....                   (boots unavailable)
Stlth   ++........              (no amulet)
HPRegen 0.18/turn               h - ring of willpower
MPRegen 0.14/turn               (no ring)

@: studying Poison Magic
A: hooves 3, large bone plates 1
a: Renounce Religion, Unearth Wretches


You were on level 6 of the Dungeon.
You worshipped Kikubaaqudgha.
Kikubaaqudgha was aware of your devotion.
You visited 2 branches of the dungeon, and saw 7 of its levels.

You collected 304 gold pieces.

Inventory:

Hand Weapons
 k - a +3 mace (weapon)
 n - a +0 whip of electrocution
Missiles
 s - 43 stones
 x - 9 poisoned darts
Armour
 a - a +0 robe
 r - a +0 robe of positive energy (worn)
 t - a +0 helmet (worn)
Magical Staves
 z - a staff of fire
Jewellery
 h - a ring of willpower (left hand)
 C - the ring "Adghyteogh" {rC+ Will+ Str-5 Int+8 SInv}
   (You took it off an orc priest on level 5 of the Dungeon)

   [ring of protection from cold]

   Str:       It affects your strength (-5).
   Int:       It affects your intelligence (+8).
   rC:        It protects you from cold.
   SInv:      It lets you see invisible.
   Will:      It increases your willpower.
Wands
 q - a wand of flame (3)
 B - a wand of acid (4)
Scrolls
 c - 5 scrolls of teleportation {unknown}
 d - a scroll of enchant armour {unknown}
 e - 3 scrolls of identify {unknown}
 g - 2 scrolls of poison {unknown}
 i - a scroll of fog {unknown}
 j - 2 scrolls of summoning {unknown}
 l - 2 scrolls of noise {unknown}
 o - a scroll of enchant weapon {unknown}
 p - 2 scrolls of amnesia {unknown}
 w - 4 scrolls of vulnerability {unknown}
 y - a scroll of immolation {unknown}
Potions
 b - 2 potions of magic
 f - 2 potions of brilliance {unknown}
 m - 2 potions of haste {unknown}
 u - a potion of flight {unknown}
 v - a potion of lignification {unknown}
 A - a potion of resistance {unknown}
 D - a potion of attraction {unknown}
 E - a potion of heal wounds {unknown}


   Skills:
 + Level 4.5 Fighting
 - Level 1.7 Dodging
 - Level 1.7 Stealth
 + Level 4.7 Spellcasting
 + Level 6.8 Necromancy


You had 7 spell levels left.
You knew the following spells:

 Your Spells              Type           Power      Damage    Failure   Level
a - Necrotise             Necr           100%       1d9       1%          1
b - Vampiric Draining     Necr           28%        2d8       2%          3
c - Animate Dead          Necr           28%        N/A       9%          4

Your spell library contained the following spells:

 Spells                   Type           Power      Damage    Failure   Level
 Ensorcelled Hibernation  Hex/Ice        8%         N/A       21%         2
 Passwall                 Tmut/Erth      3%         N/A       21%         2
 Agony                    Necr           28%        N/A       22%         5
 Anguish                  Hex/Necr       8%         N/A       32%         4
 Conjure Flame            Conj/Fire      4%         6-21      38%         3
 Ignite Poison            Fire/Tmut/Pois 4%         N/A       38%         3
 Ozocubu's Armour         Ice            4%         N/A       38%         3
 Portal Projectile        Hex/Tloc       8%         N/A       38%         3
 Summon Guardian Golem    Hex/Summ       4%         N/A       38%         3
 Swiftness                Air            4%         N/A       38%         3
 Tukima's Dance           Hex            4%         N/A       38%         3
 Sticky Flame             Conj/Fire      4%         2d3       80%         4
 Blade Hands              Tmut           2%         N/A       98%         5
 Orb of Destruction       Conj           2%         9d5       100%        7
 Ozocubu's Refrigeration  Ice            2%         4d7       100%        7
 Spellforged Servitor     Conj/Summ      2%         N/A       100%        7


Dungeon Overview and Level Annotations

Branches:
Dungeon (6/15)             Temple (1/1) D:4

Altars:
Ashenzari
Cheibriados
Dithmenos
Fedhas
Gozag
Hepliaklqana
Kikubaaqudgha
Makhleb
Nemelex Xobeh
Okawaru
Qazlal
Ru
Sif Muna
Trog
Uskayaw
Vehumet
Wu Jian
Yredelemnul

Shops:
D:2 [

Annotations:
D:2 Sigmund


Innate Abilities, Weirdness & Mutations

You have hooves in place of feet.
You are partially covered in large bone plates. (SH +4)


Message History

Press: ? - help, Shift-Dir - straight line, f/p - two-headed ogre
Aim: a two-headed ogre, wielding a +0 giant club and a +0 dire flail (moderately wounded)
You draw life force from the two-headed ogre!
You block the two-headed ogre's attack.
The two-headed ogre hits you with a +0 dire flail!
Casting: Vampiric Draining (dangerous; 2% risk of failure)
Confirm with . or Enter, or press ? or * to list all spells.
Aiming: Vampiric Draining (dangerous; 2% risk of failure)
Press: ? - help, Shift-Dir - straight line, f/p - two-headed ogre
Aim: a two-headed ogre, wielding a +0 giant club and a +0 dire flail (heavily wounded)
You draw life force from the two-headed ogre!
You feel life coursing into your body. The two-headed ogre barely misses you.
The two-headed ogre hits you with a +0 dire flail!!
Casting: Vampiric Draining (dangerous; 2% risk of failure)
Confirm with . or Enter, or press ? or * to list all spells.
You don't have enough magic to cast this spell.
Casting: Vampiric Draining (dangerous; 2% risk of failure)
Confirm with . or Enter, or press ? or * to list all spells.
Aiming: Necrotise (safe; 1% risk of failure)
Press: ? - help, Shift-Dir - straight line, f/p - two-headed ogre
Aim: a two-headed ogre, wielding a +0 giant club and a +0 dire flail (heavily wounded, chance to affect: 70%)
The two-headed ogre writhes in agony.
Casting: Necrotise (safe; 1% risk of failure)
Confirm with . or Enter, or press ? or * to list all spells.
Aiming: Necrotise (safe; 1% risk of failure)
Press: ? - help, Shift-Dir - straight line, f/p - two-headed ogre
Aim: a two-headed ogre, wielding a +0 giant club and a +0 dire flail (severely wounded, chance to affect: 70%)
The two-headed ogre writhes in agony.
The two-headed ogre closely misses you.
The two-headed ogre hits you with a +0 dire flail!
* * * LOW HITPOINT WARNING * * *
Casting: Necrotise (safe; 1% risk of failure)
Confirm with . or Enter, or press ? or * to list all spells.
Aiming: Necrotise (safe; 1% risk of failure)
Press: ? - help, Shift-Dir - straight line, f/p - two-headed ogre
Aim: a two-headed ogre, wielding a +0 giant club and a +0 dire flail (severely wounded, chance to affect: 70%)
The two-headed ogre writhes in agony.
The two-headed ogre hits you with a +0 giant club!!!
Ouch! That really hurt!
You die...
Kikubaaqudgha rasps: "You have failed me!
Welcome... death!"

.. ... ..# ).. #.# ##.#
#.# ##...# #.#
...#..####(############
#.....................
#....@...#.#.########
#...O##.#.##.# #....#
#..###.# ..$... #.##
#.# ##... #.# #.# ##$#
#.# #.# #. #.#
#.######### # #.#
#..........
#.#############.


You could see a two-headed ogre.

Vanquished Creatures
  A black bear (D:5)
  An ogre (D:4)
  A hound (D:4)
  5 orc priests
  Jessica (D:2)
  Terence (D:2)
  2 iguanas
  3 orc wizards
  4 adders
  A white imp (D:5)
  2 ufetubi (D:5)
  A dart slug (D:3)
  A worm (D:3)
  27 orcs
  4 endoplasms
  2 giant cockroaches (D:1)
  2 goblins
  4 hobgoblins
  7 kobolds
  3 ball pythons
  5 bats
  A frilled lizard (D:3)
  2 rats
81 creatures vanquished.

Vanquished Creatures (collateral kills)
  An orc priest (D:5)
  An adder (D:2)
  A white imp (D:5)
  2 orcs
  An endoplasm (D:1)
  A frilled lizard (D:1)
7 creatures vanquished.

Grand Total: 88 creatures vanquished

Notes
Turn   | Place    | Note
-------+----------+-------------------------------------------
     0 | D:1      | Larmestyx the Demonspawn Necromancer began the quest for
                  | the Orb.
     0 | D:1      | Reached XP level 1. HP: 13/13 MP: 3/3
   414 | D:1      | Gained mutation: You have large cloven feet. [demonic
                  | ancestry]
   414 | D:1      | Reached XP level 2. HP: 20/20 MP: 0/5
   662 | D:1      | Reached skill level 1 in Fighting
   704 | D:1      | Found a faded altar of an unknown god.
   745 | D:2      | Found Inymec's Antique Armour Emporium.
   868 | D:2      | Noticed Jessica
   895 | D:2      | Noticed Sigmund
   996 | D:2      | Reached XP level 3. HP: 17/26 MP: 0/6
  1463 | D:2      | Noticed Terence
  1470 | D:2      | Killed Terence
  1471 | D:2      | Reached skill level 5 in Necromancy
  1471 | D:2      | Gained mutation: You have hoof-like feet. [demonic
                  | ancestry]
  1471 | D:2      | Reached XP level 4. HP: 12/33 MP: 0/8
  2055 | D:2      | Killed Jessica
  2434 | D:3      | Reached XP level 5. HP: 26/39 MP: 3/9
  2811 | D:3      | Found a bloodstained altar of Trog.
  3241 | D:4      | Found a staircase to the Ecumenical Temple.
  3251 | Temple   | Entered the Ecumenical Temple
  3316 | Temple   | Became a worshipper of Kikubaaqudgha
  3350 | D:4      | Noticed an ogre
  3359 | D:4      | Killed an ogre
  3360 | D:4      | Gained mutation: You have hooves in place of feet. [demonic
                  | ancestry]
  3360 | D:4      | Reached XP level 6. HP: 47/47 MP: 3/11
  3722 | D:4      | Reached skill level 6 in Necromancy
  4295 | D:5      | Entered Level 5 of the Dungeon
  4955 | D:5      | Learned a level 3 spell: Vampiric Draining
  5196 | D:5      | Identified the +0 scale mail of Compression {*Corrode rElec
                  | Int+4 Dex+4}
  5423 | D:5      | Identified the ring "Adghyteogh" {rC+ Will+ Str-5 Int+8
                  | SInv}
  5440 | D:5      | Gained mutation: You are partially covered in large bone
                  | plates. (SH +4) [demonic ancestry]
  5440 | D:5      | Reached XP level 7. HP: 12/54 MP: 6/13
  5803 | D:5      | Reached * piety under Kikubaaqudgha
  5803 | D:5      | Received a gift from Kikubaaqudgha
  6302 | D:6      | Learned a level 4 spell: Animate Dead
  6368 | D:6      | Noticed a two-headed ogre
  6377 | D:6      | Annihilated by a two-headed ogre

Illustrated notes

Levels and vault maps discovered:
D:1:      tarquinn_simple_flora_water_c, layout_rooms,
          hellmonk_ecumenical_altar_heavens_door
D:2:      layout_loops_corners, serial_shops, nicolae_shop_hallway_stairs,
          uniq_jessica, uniq_terence, uniq_sigmund
D:3:      layout_rooms, mainiacjoe_overflow_six_doors_small
D:4:      layout_basic, minmay_temple_entry_mist, nicolae_elevator_lobby_plus
D:5:      layout_loops_ring, kennysheep_opposing_triangles
D:6:      layout_loops_ring, minmay_misc_feat_ornament
Temple:   nicolae_temple_bog_church

Skill      XL: |  1  2  3  4  5  6 |
---------------+-------------------+-----
Fighting       | 1 2 3 4 |  4.5
Necromancy     | 5 6 |  6.8
Spellcasting   | 3 4 |  4.7
Dodging        | |  1.7
Stealth        | |  1.7

Action                   |  1- 3 |  4- 6 |  7- 9 || total
-------------------------+-------+-------+-------++-------
Melee: Unarmed           |    10 |       |       ||    10
       Mace              |     4 |    32 |    11 ||    47
       Kick              |       |    11 |     3 ||    14
 Cast: Necrotise         |    38 |   119 |    22 ||   179
       Vampiric Draining |       |     1 |    12 ||    13
Evoke: Wand              |       |     2 |       ||     2
Armor: Robe              |     4 |     7 |     3 ||    14
Dodge: Dodged            |    24 |    43 |    36 ||   103
Block: Other             |       |       |    10 ||    10
